[Event "Titled Tuesday Blitz August 22 Late 2023"]
[White "Flom, Gabriel"]
[Black "Bartel, Mateusz"]
[WhiteFideId "621650"]
[BlackFideId "1112635"]
[WhiteElo "2570"]
[BlackElo "2838"]
[Result "1/2-1/2"]
[Round "6"]
[TimeControl "180+1"]
[Date "2023.08.22"]
[WhiteClock "0:00:05"]
[BlackClock "0:00:07"]
[Board "50"]

1. e4 e6 2. Nf3 d5 3. e5 c5 4. b4 cxb4 5. a3 bxa3 6. d4 Nc6 7. c3 f6 8. Bd3 Nh6 9. Bxh6 gxh6 10. exf6 Qxf6 11. O-O Bd6 12. Nxa3 O-O 13. Nc2 Bd7 14. Ne3 Qg7 15. g3 Rf7 16. Nh4 Raf8 17. Nhg2 e5 18. Nxd5 exd4 19. cxd4 Qxd4 20. Nde3 Ne5 21. Bc4 Qxd1 22. Bxf7+ Nxf7 23. Rfxd1 Bc6 24. Rxa7 Bc5 25. Ra5 b6 26. Rxc5 bxc5 27. Nf5 Be4 28. Nge3 Ne5 29. Nxh6+ Kg7 30. Nhg4 Nf3+ 31. Kf1 h5 32. Rd7+ Kg6 33. Rd6+ Kg7 34. Rd7+ Rf7 35. Rxf7+ Kxf7 36. h3 hxg4 37. hxg4 Ke6 38. Ke2 Nd4+ 39. Kd2 Bf3 40. Kc3 Kd6 41. Nc4+ Kd5 42. Ne3+ Kc6 43. g5 Kd6 44. g6 Ne6 45. Nf5+ Kd5 46. g7 Nxg7 47. Nxg7 Be4 48. Nh5 Ke5 49. Nf4 Bf3 50. Kc4 Ke4 51. Kxc5 Bg4 52. Ng2 Kf3 53. Ne3 Bh3 54. g4 Bxg4 55. Nxg4 Kxg4 56. Kd4 Kf3 57. Ke5 Kxf2 1/2-1/2


[Site "https://www.chess.com"]

[Event "Titled Tuesday Blitz August 22 Late 2023"]
[White "Harshavardhan G B"]
[Black "Willy, Stephen"]
[WhiteFideId "25059009"]
[BlackFideId "30981468"]
[WhiteElo "2799"]
[BlackElo "2569"]
[Result "0-1"]
[Round "6"]
[TimeControl "180+1"]
[Date "2023.08.22"]
[WhiteClock "0:00:08"]
[BlackClock "0:00:04"]
[Board "51"]

1. e4 e6 2. d4 d5 3. Bd3 dxe4 4. Bxe4 Nf6 5. Bf3 c5 6. Ne2 Nc6 7. Be3 Nd5 8. Nbc3 Nxe3 9. fxe3 Be7 10. O-O Bg5 11. Qd3 Nb4 12. Qb5+ Qd7 13. Qxc5 Nxc2 14. Nb5 Be7 15. Nc7+ Kd8 16. Nxe6+ Qxe6 17. Qxc2 Qxe3+ 18. Kh1 Bd6 19. Nc3 Qh6 20. g3 Re8 21. Qg2 Bh3 22. Qf2 Bxf1 23. Rxf1 Rb8 24. Bg2 f6 25. Ne4 Bc7 26. d5 Bb6 27. Qf5 Qg6 28. Qf4 Re5 29. Nd6 Bc7 30. Qb4 Qd3 31. Nxb7+ Ke8 32. d6 Bb6 33. Qg4 Kf7 34. a4 Rxb7 35. Qc8 Re8 36. Qxb7+ Kg8 37. Qc6 Rd8 38. d7 Qxd7 39. Qc4+ Qf7 40. Qe4 Qd7 41. h3 h6 42. g4 Bc7 43. Qc4+ Kh8 44. Qc2 Qd6 45. Kg1 Re8 46. Rd1 Qh2+ 47. Kf1 Bb6 0-1


[Site "https://www.chess.com"]

[Event "Titled Tuesday Blitz August 22 Late 2023"]
[White "Ilkhomi, Jaloliddin"]
[Black "Bauman_Guy"]
[WhiteFideId "14700948"]
[WhiteElo "2568"]
[BlackElo "2794"]
[Result "0-1"]
[Round "6"]
[TimeControl "180+1"]
[Date "2023.08.22"]
[WhiteClock "0:00:07"]
[BlackClock "0:01:32"]
[Board "52"]

1. Nf3 d5 2. d4 c6 3. Bf4 Nf6 4. e3 g6 5. Nbd2 Bg7 6. Bd3 O-O 7. Ne5 Nbd7 8. c3 Nh5 9. Nxd7 Nxf4 10. Nxf8 Nxd3+ 11. Ke2 Nxf2 12. Kxf2 Qxf8 13. Rf1 e5 14. Kg1 Qe7 15. Qf3 Be6 16. Rae1 e4 17. Qe2 f5 18. a3 a5 19. c4 Qf7 20. Rc1 a4 21. cxd5 Bxd5 22. Nc4 Qc7 23. Qe1 b5 24. Ne5 Bxe5 25. dxe5 Qxe5 26. Qc3 Qxc3 27. Rxc3 Kf7 28. Rd1 Ke6 29. Kf2 g5 30. h4 h6 31. hxg5 hxg5 32. Rh1 f4 33. Rh6+ Kf5 34. Rc5 Kg4 35. exf4 gxf4 36. Rg6+ Kf5 37. Rgxc6 e3+ 38. Ke2 Ke4 39. Rxd5 Kxd5 40. Rb6 Rg8 41. Rxb5+ Kc6 42. Rf5 Rxg2+ 43. Ke1 Rf2 44. Rf8 Kd5 45. Ra8 Rxb2 46. Rf8 Ke4 47. Rb8 Rxb8 0-1


[Site "https://www.chess.com"]

[Event "Titled Tuesday Blitz August 22 Late 2023"]
[White "Souleidis, Georgios"]
[Black "Wieczorek, Oskar"]
[WhiteFideId "4206827"]
[BlackFideId "1133950"]
[WhiteElo "2567"]
[BlackElo "2744"]
[Result "0-1"]
[Round "6"]
[TimeControl "180+1"]
[Date "2023.08.22"]
[WhiteClock "0:00:00"]
[BlackClock "0:00:09"]
[Board "53"]

1. e4 c5 2. Be2 g6 3. d3 Bg7 4. f4 Nc6 5. Nf3 d6 6. O-O f5 7. c3 Nf6 8. e5 Nd5 9. d4 h6 10. Kh1 cxd4 11. cxd4 Be6 12. Nc3 Rc8 13. Qa4 O-O 14. Nxd5 Bxd5 15. Bc4 Bxc4 16. Qxc4+ Kh7 17. Qb3 Na5 18. Qd3 dxe5 19. fxe5 Qd5 20. Bd2 Nc4 21. Qb3 Rfd8 22. Bc3 e6 23. Rfe1 g5 24. Rad1 g4 25. Nd2 Nxd2 26. Qxd5 Rxd5 27. Rxd2 Kg6 28. g3 h5 29. Kg2 b5 30. Rd3 Rc4 31. b3 Rc8 32. Red1 Bf8 33. Kf1 Ba3 34. Ke2 Be7 35. Be1 Bg5 36. Rc3 Rxc3 37. Bxc3 h4 38. Be1 hxg3 39. hxg3 Rd7 40. Kd3 Kf7 41. a4 bxa4 42. bxa4 Rb7 43. Kc4 Rb2 44. a5 f4 45. gxf4 Bxf4 46. Bc3 Rf2 47. d5 exd5+ 48. Rxd5 g3 49. Bd4 Rf1 50. Rd7+ Ke6 51. Rd6+ Kf5 52. Rf6+ Ke4 53. e6 Rc1+ 54. Bc3 Rxc3+ 0-1


[Site "https://www.chess.com"]

[Event "Titled Tuesday Blitz August 22 Late 2023"]
[White "Amburgy, Ryan"]
[Black "Boor, Carl"]
[WhiteFideId "30924820"]
[BlackFideId "2017008"]
[WhiteElo "2737"]
[BlackElo "2565"]
[Result "0-1"]
[Round "6"]
[TimeControl "180+1"]
[Date "2023.08.22"]
[WhiteClock "0:00:06"]
[BlackClock "0:00:09"]
[Board "54"]

1. c4 e5 2. g3 h5 3. h4 Bc5 4. Bg2 d6 5. Nc3 Nc6 6. d3 Nge7 7. Nf3 a6 8. O-O Bg4 9. a3 Qd7 10. b4 Bb6 11. Bb2 f6 12. Ne4 Ba7 13. Rc1 Bh3 14. d4 Bxg2 15. Kxg2 Qg4 16. Qc2 Nxd4 17. Nxd4 exd4 18. f3 Qg6 19. Rfd1 O-O 20. c5 d5 21. Nd2 Nf5 22. Nf1 Nxh4+ 23. Kf2 Qxc2 24. Rxc2 Nf5 25. Bxd4 Nxd4 26. Rxd4 c6 27. Ne3 g6 28. g4 hxg4 29. Rxg4 Kf7 30. Rc1 Rh8 31. Rcg1 Rag8 32. Nc2 Bb8 33. e3 f5 34. R4g2 Be5 35. f4 Bf6 36. Kf3 Rh3+ 37. Rg3 Rxg3+ 38. Rxg3 Rh8 39. Kg2 Re8 40. Ne1 d4 41. Nd3 Rxe3 42. Rxe3 dxe3 43. Kf3 Bd4 44. Ne1 Ke6 45. Ng2 Kd5 46. Nh4 Kc4 47. Ke2 Kb3 48. Nxg6 Kxa3 49. Ne7 Kxb4 50. Nxf5 Bxc5 51. Kd3 a5 52. Ng3 a4 53. Ne4 a3 54. Nc3 Kb3 55. f5 b5 56. f6 Bf8 57. Ne4 a2 58. Kxe3 a1=Q 59. Kf4 Qd4 60. Kf5 Qxe4+ 61. Kxe4 Kc4 0-1


[Site "https://www.chess.com"]

[Event "Titled Tuesday Blitz August 22 Late 2023"]
[White "Kashefi, Amir Hosein"]
[Black "Suyarov, Mukhammadzokhid"]
[WhiteFideId "12557935"]
[BlackFideId "14210495"]
[WhiteElo "2564"]
[BlackElo "2730"]
[Result "1-0"]
[Round "6"]
[TimeControl "180+1"]
[Date "2023.08.22"]
[WhiteClock "0:00:56"]
[BlackClock "0:00:22"]
[Board "55"]

1. d4 e6 2. Nf3 Nf6 3. g3 b6 4. Bg2 Bb7 5. O-O c5 6. Bg5 cxd4 7. Qxd4 Nc6 8. Qd3 h6 9. Bxf6 Qxf6 10. c3 d5 11. Nbd2 Ne5 12. Nxe5 Qxe5 13. Qb5+ Ke7 14. e4 f6 15. Rfe1 d4 16. Qb4+ Qc5 17. Qxd4 Qxd4 18. cxd4 e5 19. Rac1 Rc8 20. Rxc8 Bxc8 21. Rc1 Kd8 22. dxe5 fxe5 23. Nc4 Bc5 24. Nxe5 Rf8 25. Nd3 Bd4 26. Rc4 Bf6 27. e5 Be7 28. f4 Ba6 29. Rd4+ Kc8 30. Bh3+ Kb8 31. Rd7 Re8 32. Bf1 Bb5 33. Rd4 Bxd3 34. Rxd3 Rd8 35. Rxd8+ Bxd8 36. Kg2 Kc7 37. Kf3 Kd7 38. Ke4 Ke6 39. h4 Bc7 40. Bc4+ Ke7 41. h5 Ke8 42. b3 Ke7 43. Kf5 Kf8 44. g4 Bd8 45. Kg6 b5 46. Bxb5 Bb6 47. Bc4 Be3 48. Kf5 Ke7 49. Ke4 Bc1 50. Kf5 a5 51. g5 hxg5 52. fxg5 Bb2 53. Bg8 Kf8 54. Bd5 Bc3 55. e6 Ke7 56. Kg6 Bd4 57. h6 gxh6 58. Kxh6 Kf8 59. Kh7 Be5 60. g6 a4 61. bxa4 Ke7 62. a5 Kd6 63. a6 1-0


[Site "https://www.chess.com"]

[Event "Titled Tuesday Blitz August 22 Late 2023"]
[White "angelgab3"]
[Black "Dimitrov, Atanas"]
[BlackFideId "2901315"]
[WhiteElo "2563"]
[BlackElo "2718"]
[Result "1-0"]
[Round "6"]
[TimeControl "180+1"]
[Date "2023.08.22"]
[WhiteClock "0:00:41"]
[BlackClock "0:00:00"]
[Board "56"]

1. e4 c5 2. Nf3 d6 3. d4 cxd4 4. Nxd4 Nf6 5. Nc3 g6 6. Be3 Bg7 7. f3 Nc6 8. Qd2 Bd7 9. Bc4 O-O 10. O-O-O Ne5 11. Bb3 Rc8 12. Kb1 Nc4 13. Bxc4 Rxc4 14. g4 h5 15. gxh5 Nxh5 16. b3 Rc8 17. Nce2 e5 18. Nf5 gxf5 19. Bh6 f4 20. Rhg1 Kh7 21. Bxg7 Nxg7 22. Qxd6 Be6 23. Rxg7+ Kxg7 24. Qxe5+ f6 25. Rg1+ Kf7 26. Qh5+ Ke7 27. Nxf4 Bf7 28. Qh7 Ke8 29. Nd5 Bxd5 30. exd5 Qe7 31. Qf5 Kd8 32. Qf4 Qe5 33. Qb4 Rf7 34. Qa5+ b6 35. Rg8+ Kd7 36. Qa4+ Kc7 37. Qc6+ 1-0


[Site "https://www.chess.com"]

[Event "Titled Tuesday Blitz August 22 Late 2023"]
[White "Trifan, Andrei Ioan"]
[Black "Makridis, Dimitrios"]
[WhiteFideId "12967068"]
[BlackFideId "25864475"]
[WhiteElo "2557"]
[BlackElo "2714"]
[Result "1-0"]
[Round "6"]
[TimeControl "180+1"]
[Date "2023.08.22"]
[WhiteClock "0:00:11"]
[BlackClock "0:00:02"]
[Board "57"]

1. Nf3 d5 2. b3 c6 3. Bb2 Nf6 4. e3 Bg4 5. Be2 Nbd7 6. O-O Bxf3 7. Bxf3 e5 8. d3 Bd6 9. Nd2 Qe7 10. e4 g5 11. exd5 cxd5 12. Re1 h5 13. c4 g4 14. Bxd5 h4 15. d4 g3 16. fxg3 hxg3 17. h3 O-O-O 18. Qf3 Bb4 19. Bxb7+ Kb8 20. Ba6 e4 21. Nxe4 Bxe1 22. Rxe1 Rhe8 23. Qxg3+ Ka8 24. Qc7 Nc5 25. Qc6+ Kb8 26. dxc5 Qc7 27. Qb5+ Ka8 28. Bxf6 Rb8 29. Qa4 Re6 30. Bh4 Rbe8 31. Bb5 Rg8 32. Nd6 Qxc5+ 33. Bf2 Qc7 34. Rxe6 fxe6 35. Bc6+ Kb8 36. Qb5+ Qb6 37. Bxb6 axb6 38. Qxb6# 1-0


[Site "https://www.chess.com"]

[Event "Titled Tuesday Blitz August 22 Late 2023"]
[White "Papasimakopoulos, Alexandros"]
[Black "Sivakumar, Shaaketh"]
[WhiteFideId "4244125"]
[BlackFideId "30940176"]
[WhiteElo "2702"]
[BlackElo "2536"]
[Result "1-0"]
[Round "6"]
[TimeControl "180+1"]
[Date "2023.08.22"]
[WhiteClock "0:00:50"]
[BlackClock "0:00:00"]
[Board "58"]

1. d4 e6 2. c4 b6 3. e4 Bb4+ 4. Bd2 Bxd2+ 5. Qxd2 d5 6. Bd3 Ba6 7. b3 Ne7 8. Nf3 Nbc6 9. Nc3 dxc4 10. Bxc4 Bxc4 11. bxc4 O-O 12. O-O Ng6 13. Qe3 Na5 14. Nd2 e5 15. d5 Qe7 16. Rab1 Nf4 17. g3 Ng6 18. c5 Nb7 19. Na4 f5 20. exf5 Rxf5 21. Qe4 Raf8 22. Nc4 Nxc5 23. Nxc5 Qxc5 24. Ne3 R5f7 25. Rbc1 Qd4 26. Qc2 Ne7 27. Rcd1 Qb4 28. Qxc7 Nxd5 29. Qxe5 Nxe3 30. Qxe3 Qa4 31. Qe2 Kh8 32. f4 b5 33. Rd5 b4 34. Rfd1 Qc6 35. Qe4 Qb6+ 36. Qd4 Qxd4+ 37. R1xd4 Rb7 38. Ra5 h6 39. Ra4 Rfb8 40. Kg2 Rc7 41. Kh3 b3 42. axb3 Rxb3 43. Rac4 Rxc4 44. Rxc4 Rb7 45. Rc8+ Kh7 46. Kh4 Kg6 47. Rc6+ Kf7 48. Ra6 Rc7 49. h3 Rb7 50. g4 Rc7 51. f5 Rb7 52. Kh5 Kg8 53. h4 Kf7 54. Rc6 a5 55. Ra6 Rb5 56. Ra7+ Kf6 57. Ra6+ Kf7 58. Ra8 Kf6 59. Ra7 Rc5 60. Rb7 Rd5 61. Rc7 Rb5 62. Rc8 a4 63. Ra8 Rb4 64. Ra6+ Kf7 65. g5 hxg5 66. hxg5 Rf4 67. Ra7+ Kf8 68. Kg6 Rf3 69. Rf7+ Ke8 70. Rxg7 a3 71. Ra7 Rb3 72. f6 Rc3 73. Kg7 Rf3 74. g6 a2 75. f7+ Kd8 76. f8=Q+ Rxf8 77. Kxf8 a1=Q 78. Rxa1 1-0


[Site "https://www.chess.com"]

[Event "Titled Tuesday Blitz August 22 Late 2023"]
[White "Schnaider, Ilan"]
[Black "D`Arruda, Ricardo D."]
[WhiteFideId "169013"]
[BlackFideId "100692"]
[WhiteElo "2702"]
[BlackElo "2536"]
[Result "0-1"]
[Round "6"]
[TimeControl "180+1"]
[Date "2023.08.22"]
[WhiteClock "0:00:04"]
[BlackClock "0:00:16"]
[Board "59"]

1. e4 c5 2. Nf3 Nc6 3. Bb5 g6 4. O-O Bg7 5. c3 Nf6 6. Re1 O-O 7. d4 cxd4 8. cxd4 d5 9. e5 Ne4 10. Be3 Qb6 11. Qe2 Bd7 12. Nc3 Nxc3 13. bxc3 Nxe5 14. Nxe5 Qxb5 15. Qf3 Be6 16. Rab1 Qa6 17. h4 h5 18. Bg5 Bf5 19. Rb2 f6 20. Qxd5+ e6 21. Qb3 fxe5 22. dxe5 b6 23. Rd2 Rac8 24. Rd7 Rf7 25. Red1 Rc7 26. Rd8+ Kh7 27. Bf6 Qc4 28. Qa3 Qxc3 29. Qxc3 Rxc3 30. R1d7 Rc7 31. Rd6 Bxf6 32. exf6 Rxf6 33. f3 Rff7 34. Re8 Rfd7 35. Rxd7+ Rxd7 36. Kh2 a5 37. Kg3 Rd2 38. a4 Rd4 39. Rb8 Rb4 40. Rxb6 Rxb6 41. Kf4 Kg7 42. Kg5 Rb2 43. g4 hxg4 44. f4 g3 45. h5 g2 46. h6+ Kh7 47. Kh4 Rb3 48. Kg5 g1=Q+ 49. Kf6 Qd4+ 50. Kg5 Rg3+ 51. Kh4 Qxf4# 0-1


[Site "https://www.chess.com"]

[Event "Titled Tuesday Blitz August 22 Late 2023"]
[White "Estrada Nieto, Julian"]
[Black "GaiozNigalidze"]
[WhiteFideId "5101018"]
[WhiteElo "2535"]
[BlackElo "2700"]
[Result "1/2-1/2"]
[Round "6"]
[TimeControl "180+1"]
[Date "2023.08.22"]
[WhiteClock "0:00:05"]
[BlackClock "0:00:12"]
[Board "60"]

1. e4 c5 2. Nf3 d6 3. Bb5+ Bd7 4. Bxd7+ Qxd7 5. O-O Nc6 6. c3 e6 7. Qe2 Nf6 8. d4 cxd4 9. cxd4 d5 10. e5 Ne4 11. Nbd2 Nxd2 12. Bxd2 Be7 13. g3 a6 14. Kg2 O-O 15. h4 Na7 16. h5 Qb5 17. Qe3 h6 18. b3 Rfc8 19. Rac1 Rxc1 20. Rxc1 Rc8 21. Rxc8+ Nxc8 22. Qc3 Qd7 23. g4 Qc6 24. Qxc6 bxc6 25. Be3 Ba3 26. Ne1 Na7 27. Nc2 Be7 28. a4 Kf8 29. f4 f6 30. f5 Kf7 31. Kf3 Nc8 32. Bf4 Nb6 33. Ke2 Nd7 34. exf6 Kxf6 35. fxe6 Kxe6 36. Bd2 Nf6 37. Kf3 Ne4 38. Ba5 Bd6 39. Ke3 Nf6 40. Kf3 Ne4 41. Ke3 c5 42. dxc5 Bxc5+ 43. Kf3 Ng5+ 44. Ke2 Ne4 45. Ne3 Nf6 46. Bc3 Bxe3 47. Kxe3 Nxg4+ 48. Kd4 Nf6 49. Kc5 Nxh5 50. Kb6 g5 51. Kxa6 g4 52. Kb7 Nf4 53. Bd4 Ne2 54. Bf2 d4 55. a5 d3 56. Be3 g3 57. a6 d2 58. Bxd2 g2 59. a7 g1=Q 60. a8=Q Qg2+ 61. Ka7 Qg7+ 62. Qb7 Qd4+ 63. Qb6+ Qxb6+ 64. Kxb6 h5 65. Bg5 Kf5 66. Bd8 Ke6 67. b4 Nd4 68. b5 Kd7 69. Bh4 Nf5 70. Bg5 Nd4 71. Ka6 Ne6 72. Bh4 Nc7+ 73. Ka5 Nd5 74. b6 Kc6 75. Ka6 Nxb6 76. Bg3 Nc4 77. Bh4 Kd5 78. Kb5 Ne5 79. Kb4 Nf3 80. Bg3 Ke4 81. Kc4 Ne5+ 82. Bxe5 Kxe5 83. Kd3 Kf4 84. Ke2 Kg3 85. Kf1 h4 86. Kg1 h3 87. Kh1 h2 1/2-1/2


[Site "https://www.chess.com"]

[Event "Titled Tuesday Blitz August 22 Late 2023"]
[White "Poltorak, Sebastian"]
[Black "Krishnan, Varun"]
[WhiteFideId "1199498"]
[BlackFideId "5054508"]
[WhiteElo "2531"]
[BlackElo "2699"]
[Result "1-0"]
[Round "6"]
[TimeControl "180+1"]
[Date "2023.08.22"]
[WhiteClock "0:00:07"]
[BlackClock "0:00:00"]
[Board "61"]

1. e4 c5 2. Nc3 Nc6 3. Bb5 Nd4 4. Nf3 a6 5. Bd3 g6 6. Nxd4 cxd4 7. Ne2 Bg7 8. c3 dxc3 9. dxc3 d6 10. Be3 Nf6 11. h3 O-O 12. O-O b5 13. Qd2 Bb7 14. Ng3 Nd7 15. Bh6 Ne5 16. Bxg7 Kxg7 17. Rad1 Nxd3 18. Qxd3 Rc8 19. f4 Qb6+ 20. Kh2 b4 21. cxb4 Qxb4 22. Rf2 Rc4 23. b3 Rc3 24. Qd4+ Qxd4 25. Rxd4 Rfc8 26. Rb4 Ba8 27. Rb6 R8c6 28. Rxc6 Bxc6 29. Re2 Bb5 30. Rd2 Bd3 31. Kg1 h5 32. Ne2 Bxe2 33. Rxe2 a5 34. Kf2 h4 35. Rb2 f5 36. exf5 gxf5 37. a4 Kf6 38. b4 Rc4 39. b5 Rxf4+ 40. Ke3 Rc4 41. b6 Rc8 42. Kd4 Ke6 43. Rb5 Rb8 44. Kc4 f4 45. Rb3 Kd7 46. Kb5 e5 47. Kxa5 e4 48. Kb5 e3 49. a5 d5 50. Kc5 Re8 51. Rb1 e2 52. Re1 Ra8 53. b7 Rxa5+ 54. Kb4 Ra2 55. Kb3 Rd2 56. b8=Q Rd1 57. Rxe2 Rb1+ 58. Rb2 Rxb2+ 59. Kxb2 Ke6 60. Qxf4 1-0


[Site "https://www.chess.com"]

[Event "Titled Tuesday Blitz August 22 Late 2023"]
[White "Lawson, Eric"]
[Black "Diaz Perez, Michel Alejandro"]
[WhiteFideId "2604116"]
[BlackFideId "3517179"]
[WhiteElo "2528"]
[BlackElo "2694"]
[Result "0-1"]
[Round "6"]
[TimeControl "180+1"]
[Date "2023.08.22"]
[WhiteClock "0:00:12"]
[BlackClock "0:00:09"]
[Board "62"]

1. b3 Nf6 2. Bb2 e6 3. e3 b6 4. f4 Bb7 5. Nf3 d6 6. a4 a6 7. Na3 Nbd7 8. Nc4 Be7 9. Be2 O-O 10. O-O Re8 11. Qe1 Bf8 12. Qg3 Ne4 13. Qh3 d5 14. Nce5 f6 15. Nxd7 Qxd7 16. d3 Nd6 17. g4 Nf7 18. Rf2 c5 19. Raf1 Rac8 20. Qg3 d4 21. e4 f5 22. gxf5 exf5 23. e5 Qd5 24. h3 b5 25. axb5 axb5 26. Kh2 Ra8 27. Ng5 Nxg5 28. Qxg5 Qe6 29. Bc1 Ra2 30. Bh5 Rc8 31. Rg1 c4 32. bxc4 bxc4 33. Bf3 Bxf3 34. Rxf3 Rxc2+ 35. Kh1 cxd3 36. Ba3 Qd5 37. Qg3 R8c5 38. Bxc5 Rxc5 39. Rd1 Rc3 40. Kg1 Qb3 41. Rdxd3 Qb1+ 42. Kg2 Rc2+ 43. Rf2 Rxf2+ 44. Kxf2 Qc2+ 45. Ke1 Bb4+ 46. Kf1 Bc3 47. Qf3 Qc1+ 48. Rd1 Qc2 49. e6 h6 50. Qe2 Qe4 51. Qc4 Qh1+ 52. Ke2 Qg2+ 53. Kd3 Qe4# 0-1


[Site "https://www.chess.com"]

[Event "Titled Tuesday Blitz August 22 Late 2023"]
[White "Gurevich, Dmitry"]
[Black "Rastbod, Ali"]
[WhiteFideId "2000407"]
[BlackFideId "12567477"]
[WhiteElo "2527"]
[BlackElo "2685"]
[Result "1/2-1/2"]
[Round "6"]
[TimeControl "180+1"]
[Date "2023.08.22"]
[WhiteClock "0:00:03"]
[BlackClock "0:00:05"]
[Board "63"]

1. d4 d5 2. Nf3 Nf6 3. c4 e6 4. Nc3 Nbd7 5. cxd5 exd5 6. Bf4 Bb4 7. e3 c5 8. dxc5 Qa5 9. Nd2 Bxc3 10. bxc3 Qxc5 11. Rc1 O-O 12. Be2 Nb6 13. O-O Be6 14. Be5 Nfd7 15. Bd4 Qc7 16. Qb3 Nc4 17. Nxc4 dxc4 18. Qa3 b6 19. e4 f6 20. f4 Rfe8 21. Bh5 Bf7 22. Bxf7+ Kxf7 23. Rce1 Kg8 24. Qa6 Qc6 25. e5 fxe5 26. fxe5 Nf8 27. a4 Re6 28. Qb5 Nd7 29. Qxc6 Rxc6 30. e6 Nc5 31. Bxc5 bxc5 32. Rf7 Rxe6 33. Rxg7+ Kxg7 34. Rxe6 Rd8 35. Re4 Kf6 36. Rxc4 Rd5 37. Re4 a5 38. h3 h5 39. Kf2 Rd2+ 40. Kf3 Kf5 41. Rc4 Rd3+ 42. Ke2 Rd5 43. Ke3 Ke6 44. Re4+ Kd6 45. Rf4 Rd1 46. Rf6+ Kc7 47. Rf5 Kc6 48. Rxh5 Rc1 49. Kd2 Ra1 50. Rh4 Ra2+ 51. Kd3 Rxg2 52. Kc4 Rg6 53. Rh5 Kb6 54. Rxc5 Rh6 55. Rb5+ Ka6 56. Rd5 Rh4+ 57. Kc5 Rxh3 58. c4 Ra3 59. Rd6+ Kb7 60. Kb5 Rb3+ 61. Kxa5 Kc7 62. c5 Rb1 63. Rh6 Rb2 64. Ka6 Rb4 65. a5 Rb1 66. Rb6 Ra1 67. Rh6 Rb1 68. Rg6 Ra1 69. Kb5 Rb1+ 70. Kc4 Rc1+ 71. Kb5 Rb1+ 72. Ka6 Ra1 73. Rg4 Rb1 74. Rc4 Kc6 75. Rc2 Rb8 76. Ka7 Rb7+ 77. Ka8 Rh7 78. Rb2 Kxc5 79. a6 Kc6 80. Rb7 Rh8+ 81. Ka7 Rh1 82. Rb6+ Kc7 83. Rb2 Rc1 84. Ka8 Kc8 85. a7 Kc7 86. Rc2+ Rxc2 1/2-1/2


[Site "https://www.chess.com"]

[Event "Titled Tuesday Blitz August 22 Late 2023"]
[White "Salimova, Nurgyul"]
[Black "Lima, Kleyton Alcantara"]
[WhiteFideId "2915138"]
[BlackFideId "22718397"]
[WhiteElo "2685"]
[BlackElo "2526"]
[Result "1-0"]
[Round "6"]
[TimeControl "180+1"]
[Date "2023.08.22"]
[WhiteClock "0:01:09"]
[BlackClock "0:00:41"]
[Board "64"]

1. d4 Nf6 2. Nf3 g6 3. a4 Bg7 4. a5 O-O 5. g3 d5 6. Bg2 c6 7. O-O Nbd7 8. Bf4 Ne4 9. Nbd2 Ndf6 10. Ne5 Nxd2 11. Qxd2 Nd7 12. a6 Nxe5 13. axb7 Bxb7 14. dxe5 c5 15. Rfd1 e6 16. c4 Qb6 17. cxd5 exd5 18. Bxd5 Bxd5 19. Qxd5 Qxb2 20. e6 fxe6 21. Qxe6+ Kh8 22. Ra2 Qb5 23. Be5 Qb7 24. Bxg7+ Qxg7 25. Rd7 Qd4 26. Rxd4 cxd4 27. Qe5+ Kg8 28. Qxd4 1-0


[Site "https://www.chess.com"]

[Event "Titled Tuesday Blitz August 22 Late 2023"]
[White "Ozkan, Taha"]
[Black "Cuenca Jimenez, Jose Fernando"]
[WhiteFideId "34577173"]
[BlackFideId "2255570"]
[WhiteElo "2526"]
[BlackElo "2683"]
[Result "1/2-1/2"]
[Round "6"]
[TimeControl "180+1"]
[Date "2023.08.22"]
[WhiteClock "0:00:12"]
[BlackClock "0:00:08"]
[Board "65"]

1. d4 Nf6 2. c4 g6 3. Nc3 Bg7 4. e4 d6 5. Nf3 O-O 6. Be2 Bg4 7. Be3 Nfd7 8. Nd2 Bxe2 9. Qxe2 Nc6 10. Nf3 e5 11. d5 Nd4 12. Qd1 Nxf3+ 13. Qxf3 f5 14. exf5 gxf5 15. O-O Qh4 16. Qg3 Qxc4 17. Bh6 Rf7 18. Rac1 a6 19. Qg5 Qg4 20. Qxg4 fxg4 21. Bxg7 Kxg7 22. Ne4 Nb6 23. Rfd1 Kg6 24. h3 gxh3 25. Rc3 h6 26. Rg3+ Kh7 27. Rxh3 Rg8 28. Rb3 Rg6 29. a4 Nxa4 30. Rxb7 Nb6 31. b3 Kg7 32. Rd3 a5 33. Nc3 Rg4 34. Nb5 Rb4 35. Rg3+ Kh7 36. Nxd6 Rd7 37. Nf5 Nxd5 38. Ra7 Rf4 39. Ne3 Nxe3 40. Rxe3 Rh4 41. g3 Rb4 42. Rxa5 Re7 43. Raxe5 Rxe5 44. Rxe5 Rxb3 45. Re7+ Kg6 46. Rxc7 Rb1+ 47. Kg2 Rb6 48. Rc3 Rd6 49. Re3 Rc6 50. Re5 Kf6 51. f4 Kg6 52. Kh3 Rc1 53. Re6+ Kf5 54. Re5+ Kf6 55. Kg4 Rc6 56. Kh5 Rc3 57. Kg4 Rc6 58. Rh5 Kg6 59. Ra5 Kg7 60. Re5 Kg6 61. f5+ Kf6 62. Re6+ Rxe6 63. fxe6 Kxe6 64. Kh5 Kf5 65. Kh4 Kg6 66. Kg4 Kf6 67. Kh5 Kg7 68. g4 Kh7 69. Kh4 Kg6 70. Kh3 Kg5 71. Kg3 Kg6 72. Kh4 Kf6 73. Kh5 Kg7 74. g5 hxg5 75. Kxg5 1/2-1/2


[Site "https://www.chess.com"]

[Event "Titled Tuesday Blitz August 22 Late 2023"]
[White "arenal72"]
[Black "Alex_Sahakyan2006"]
[WhiteElo "2526"]
[BlackElo "2682"]
[Result "0-1"]
[Round "6"]
[TimeControl "180+1"]
[Date "2023.08.22"]
[WhiteClock "0:02:01"]
[BlackClock "0:01:51"]
[Board "66"]

1. e4 c5 2. Nf3 Nc6 3. d4 cxd4 4. Nxd4 g6 5. Nc3 Bg7 6. Be3 Nf6 7. Be2 O-O 8. Qd2 d5 9. Nxc6 bxc6 10. O-O-O Rb8 11. e5 Ng4 12. f4 Nxe3 13. Qxe3 Qa5 14. h4 Qb4 15. b3 Qa3+ 16. Kb1 Bf5 17. g4 Rxb3+ 18. axb3 Qxb3+ 19. Ka1 Qa3+ 20. Kb1 Rb8+ 0-1


[Site "https://www.chess.com"]

[Event "Titled Tuesday Blitz August 22 Late 2023"]
[White "Kaplan, Avi Harrison"]
[Black "Tatarinov, Dmitry"]
[WhiteFideId "30934559"]
[BlackFideId "24160067"]
[WhiteElo "2525"]
[BlackElo "2677"]
[Result "0-1"]
[Round "6"]
[TimeControl "180+1"]
[Date "2023.08.22"]
[WhiteClock "0:00:11"]
[BlackClock "0:00:38"]
[Board "67"]

1. g3 d5 2. Bg2 c6 3. e3 Nf6 4. Ne2 h5 5. h3 e5 6. b3 Bd6 7. Bb2 Nbd7 8. c4 e4 9. d3 Ne5 10. dxe4 dxe4 11. O-O Nf3+ 12. Kh1 Qe7 13. Nbc3 Bg4 14. Nd4 Nxd4 15. Qxd4 Be5 16. Qd2 Rd8 17. Qc2 Bf3 18. Bxf3 exf3 19. Rad1 Rxd1 20. Qxd1 h4 21. g4 Bxc3 22. Bxc3 Ne4 23. Bxg7 Rg8 24. Bb2 Ng5 25. e4 Rg6 26. e5 Qd7 27. Qxd7+ Kxd7 28. Rd1+ Ke8 29. Kh2 c5 30. Bc1 Ne4 31. Rd3 Ra6 32. a4 Nxf2 33. Rxf3 Ne4 34. Re3 Ng5 35. Rd3 Ne6 36. Be3 Rc6 37. Bf2 Nf4 38. Rd2 Ng6 39. Kg2 b6 40. Be1 Re6 41. Re2 Nf4+ 42. Kf3 Nxe2 43. Kxe2 Rxe5+ 44. Kd2 Re6 45. Bxh4 Rh6 46. Bg3 Rxh3 47. Bb8 Rxb3 48. Bxa7 Kd7 49. Kc2 Rb4 50. Kc3 Kc6 51. a5 bxa5 52. g5 a4 53. g6 fxg6 54. Bb8 0-1


[Site "https://www.chess.com"]

[Event "Titled Tuesday Blitz August 22 Late 2023"]
[White "Ghasi, Ameet K"]
[Black "ATM622"]
[WhiteFideId "409200"]
[WhiteElo "2675"]
[BlackElo "2523"]
[Result "0-1"]
[Round "6"]
[TimeControl "180+1"]
[Date "2023.08.22"]
[WhiteClock "0:00:19"]
[BlackClock "0:00:08"]
[Board "68"]

1. b3 d5 2. Bb2 c5 3. e3 Nc6 4. Bb5 Nf6 5. Nf3 e6 6. Ne5 Qc7 7. Bxc6+ bxc6 8. O-O Bd6 9. f4 a5 10. Nc3 Ba6 11. Rf3 d4 12. Na4 Bxe5 13. fxe5 Qxe5 14. Qe1 Ng4 15. Qg3 h5 16. h3 Qxg3 17. Rxg3 dxe3 18. hxg4 exd2 19. c4 Rd8 20. Rd1 h4 21. Rh3 e5 22. Nxc5 Bc8 23. Rd3 Rxd3 24. Nxd3 e4 25. Rxd2 exd3 26. Rxd3 O-O 27. Bc3 a4 28. bxa4 Bxg4 29. Rd4 Be6 30. a5 f6 31. Rxh4 c5 32. Be1 Ra8 33. Rh5 Rc8 34. Bf2 Bxc4 35. a3 Bb5 36. Bxc5 g6 37. Rd5 Bc4 38. Rd6 Rxc5 39. Rxf6 Kg7 40. Rb6 Rxa5 41. Rb7+ Kh6 42. Rc7 Bd5 43. Rc3 Be4 44. g3 Kg5 45. Kf2 Bf5 46. Ke3 Re5+ 47. Kd4 Re4+ 48. Kd5 Re1 49. Kc6 Rb1 50. a4 Be4+ 51. Kc5 Kg4 52. Kd4 Bg2 53. Ke5 Ra1 54. Kf6 Be4 55. Re3 Bf5 56. Rc3 Rxa4 57. Ke5 Ra5+ 58. Kf6 Ra4 59. Ke5 Ra8 60. Kf6 Rf8+ 61. Kg7 Re8 62. Kf6 Re2 63. Kg7 Rg2 64. Kf6 Rxg3 65. Rc4+ Kf3 66. Rc1 Kf2 67. Rc2+ Bxc2 68. Kg7 g5 69. Kf6 g4 70. Kg7 Rg1 71. Kf6 g3 72. Kg7 g2 73. Kf6 Ke1 74. Kg5 Kd2 75. Kf4 Rf1+ 76. Kg3 g1=Q+ 77. Kh4 Qf2+ 78. Kh3 Rh1+ 79. Kg4 Rg1+ 80. Kh5 Qh2# 0-1


[Site "https://www.chess.com"]